 Dungeon Crawl Stone Soup version 0.29.1-13-g9f3cf754e1 (webtiles) character file.

Game seed: 4351594691661087576

21 Ayven the Ruffian (level 2, 0/23 HPs)
             Began as a Draconian Transmuter on Feb 8, 2023.
             Slain by a goblin
             ... wielding a +0 club
              (1 damage)
             ... on level 1 of the Dungeon.
             The game lasted 00:03:02 (664 turns).

Ayven the Ruffian (Draconian Transmuter)             Turns: 664, Time: 00:03:03

Health: 0/23       AC:  4    Str: 12    XL:     2   Next: 65%
Magic:  5/5        EV: 12    Int: 13    God:
Gold:   37         SH:  0    Dex: 11    Spells: 4/5 levels left

rFire   . . .      SeeInvis .     - Unarmed
rCold   . . .      Faith    .   (no shield)
rNeg    . . .      Spirit   .   (body armour unavailable)
rPois   .          Reflect  .   (helmet restricted)
rElec   .          Harm     .   (no cloak)
rCorr   .          Rampage  .   (no gloves)
Will    .....                   (no boots)
Stlth   +.........              (no amulet)
HPRegen 0.07/turn               (no ring)
MPRegen 0.09/turn               (no ring)

@: no status effects
A: AC +4, unfitting armour, cold-blooded
a: no special abilities


You were on level 1 of the Dungeon.
You visited 1 branch of the dungeon, and saw 1 of its levels.

You collected 37 gold pieces.

Inventory:

Missiles
 c - 5 atropa-tipped darts
Jewellery
 e - an amulet of guardian spirit
Scrolls
 g - a scroll of enchant weapon {unknown}
Potions
 a - a potion of lignification
 b - a potion of flight {unknown}
 d - a potion of resistance {unknown}
 f - a potion of heal wounds {unknown}


   Skills:
 + Level 1.1 Fighting
 + Level 2.0 Dodging
 + Level 0.2 Stealth
 + Level 3.5 Unarmed Combat
 + Level 2.2 Spellcasting
 + Level 2.0 Transmutations


You had 4 spell levels left.
You knew the following spells:

 Your Spells              Type           Power      Damage    Failure   Level
a - Beastly Appendage     Tmut           12%        N/A       11%         1

Your spell library contained the following spells:

 Spells                   Type           Power      Damage    Failure   Level
 Wereblood                Tmut           6%         N/A       16%         2
 Spider Form              Tmut/Pois      4%         N/A       43%         3
 Ice Form                 Ice/Tmut       4%         N/A       85%         4


Dungeon Overview and Level Annotations

Branches:
Dungeon (1/15)

Altars:


Innate Abilities, Weirdness & Mutations

Your plain brown scales are hard. (AC +4)
You cannot fit into any form of body armour.
You are cold-blooded and may be slowed by cold attacks.


Message History

The endoplasm freezes you.
You are frozen.
You feel yourself slow down.
You hit the endoplasm.
You kill the endoplasm!
You feel yourself speed up. The bat barely misses you.
The bat barely misses you. The bat misses you. The bat barely misses you.
The bat closely misses you.
The bat closely misses you. 2 goblins come into view.
Found a scroll labelled NAHOLU JUGGOEL.
The goblin shouts! x2
The bat closely misses you. The bat hits you.
The bat hits you but does no damage. The bat hits you but does no damage. x2
The bat closely misses you. The goblin hits you with a +0 club.
* * * LOW HITPOINT WARNING * * *
The goblin misses you. The goblin attacks as you move away!
The goblin hits you with a +0 club.
* * * LOW HITPOINT WARNING * * *
The bat closely misses you. The bat barely misses you.
You hit the bat.
You kill the bat!
The goblin barely misses you. The goblin hits you but does no damage.
The goblin closely misses you. The goblin hits you but does no damage.
The goblin misses you. The goblin attacks as you move away!
The goblin hits you with a +0 club.
* * * LOW HITPOINT WARNING * * *
The goblin hits you but does no damage. The goblin attacks as you move away!
The goblin hits you but does no damage. The goblin closely misses you.
The goblin attacks as you move away! The goblin barely misses you.
The goblin attacks as you move away! The goblin completely misses you.
The goblin attacks as you move away! The goblin barely misses you.
The goblin hits you with a +0 club.
You die...

...## .........##.# #.#
....## .........#..# #.#
.....## ...........# #.#
......# ...........####.#
....(.# ..?.....##......##
......#§#..###........#..#
......≈≈≈# ####...####.##
......#≈#. ####gg.......#
......# . #..@.#########
......#. #.#### .....##..
###.# .[..###.. #...#
...## #.) #.### #######..#
#.# .#........ #.#
#.........##.#
..#..........#


You could see 2 goblins.

Vanquished Creatures
  6 ball pythons (D:1)
  3 endoplasms (D:1)
  3 goblins (D:1)
  A kobold (D:1)
  A quokka (D:1)
  3 bats (D:1)
  A frilled lizard (D:1)
  3 rats (D:1)
21 creatures vanquished.

Notes
Turn   | Place    | Note
-------+----------+-------------------------------------------
     0 | D:1      | Ayven the Draconian Transmuter began the quest for the Orb.
     0 | D:1      | Reached XP level 1. HP: 16/16 MP: 3/3
   200 | D:1      | Reached XP level 2. HP: 22/23 MP: 5/5
   658 | D:1      | HP: 1/23 [goblin/+0 club (4)]
   664 | D:1      | Slain by a goblin

Illustrated notes

Levels and vault maps discovered:
D:1:      psy_arrival_dodecagon, layout_rooms, minmay_tetromino_l4

Skill      XL: |  1  2 |
---------------+-------+-----
Dodging        | 2 |  2.0
Fighting       | |  1.1
Stealth        | |  0.2
Unarmed Combat | |  3.5
Spellcasting   | |  2.2
Transmutations | |  2.0

Action                   || total
-------------------------++-------
Melee: Unarmed           ||    58
       Tailslap          ||     2
       Punch             ||     2
 Stab: Sleeping          ||     1
Armor: Skin              ||    24
Dodge: Dodged            ||    65
